 Dungeon Crawl Stone Soup version 0.22-a0-273-g3d7ae589ec (webtiles) character file.

68 NooBeakApe the Caller (level 4, -3/24 HPs)
             Began as a Deep Elf Summoner on Mar 13, 2018.
             Was a Follower of the Shining One.
             Killed from afar by a white imp (6 damage)
             ... with a puff of frost
             ... summoned by the player character
             ... on level 2 of the Dungeon.
             The game lasted 00:06:46 (2068 turns).

NooBeakApe the Caller (Deep Elf Summoner)           Turns: 2068, Time: 00:06:46

Health: -3/24      AC:  5    Str:  6    XL:     4   Next: 1%
Magic:  11/11      EV: 16    Int: 25    God:    the Shining One [*.....]
Gold:   119        SH:  0    Dex: 23    Spells: 7/10 levels left

rFire    . . .     SeeInvis .   a - +0 short sword (holy)
rCold    . . .     Gourm    .   (no shield)
rNeg     . . .     Faith    .   f - +0 ring mail
rPois    .         Spirit   .   (no helmet)
rElec    .         Reflect  .   (no cloak)
rCorr    .         Harm     .   (no gloves)
MR       +....                  (no boots)
Stlth    ++........             k - amulet of rage
HPRegen  0.08/turn              j - +3 ring of dexterity
MPRegen  0.12/turn              l - ring of protection from magic

@: brilliant, agile, glowing
A: no striking features
a: Renounce Religion, Evoke Berserk Rage


You were on level 2 of the Dungeon.
You worshipped the Shining One.
The Shining One was aware of your devotion.
You were not hungry.

You visited 1 branch of the dungeon, and saw 2 of its levels.

You collected 119 gold pieces.

Inventory:

Hand Weapons
 a - a +0 short sword of holy wrath (weapon)
 i - a +2 dagger of venom
Armour
 f - a +0 ring mail (worn)
Jewellery
 j - a +3 ring of dexterity (left hand)
 k - an amulet of rage (around neck)
 l - a ring of protection from magic (right hand)
Scrolls
 b - a scroll of enchant armour {unknown}
 d - a scroll of remove curse
 e - 6 scrolls of identify {unknown}
 h - a scroll of magic mapping {unknown}
 m - a scroll of amnesia {unknown}
Comestibles
 c - 5 rations
 p - 5 chunks of flesh


   Skills:
 + Level 0.8 Short Blades
 + Level 3.1 Dodging
 - Level 3.0 Stealth
 + Level 3.7 Spellcasting
 * Level 5.2 Summonings


You had 7 spell levels left.
You knew the following spells:

 Your Spells              Type           Power        Failure   Level  Hunger
a - Summon Small Mammal   Summ           ####         1%          1    None
b - Call Imp              Summ           #####...     1%          2    #......


Dungeon Overview and Level Annotations

Branches:
Dungeon (2/15)

Altars:
Fedhas
Gozag
Nemelex Xobeh
The Shining One


Message History

It was a potion of brilliance.
You feel clever all of a sudden.
The white imp hits you but does no damage.
The crimson imp barely misses you.
Casting: Call Imp (safe; 1% risk of failure)
Confirm with . or Enter, or press ? or * to list all spells.
Okay, then.
It was a potion of curing.
You feel better. The white imp gestures at you. The puff of frost hits you!
* * * LOW HITPOINT WARNING * * *
The crimson imp barely misses you.
As you read the scroll labeled WOANIZ QOJAFA, it crumbles to dust.
You feel blessed for a moment.
It was a scroll of remove curse.
The white imp barely misses you. The crimson imp barely misses you.
It was a potion of agility.
You feel agile all of a sudden. The white imp gestures at you.
The puff of frost hits you!
You die...

.).#####.........#.......#
...# .......#...#.......#
.(.# .#..≈.≈≈..≈.≈....###
...# .##.≈≈≈..≈...≈...#
...### #.≈.≈≈≈≈≈≈≈≈≈.≈#
.....# ##.≈≈≈≈≈≈≈≈≈≈..##
...#.......≈≈≈≈≈≈≈≈≈≈...#
#.##.#...)..≈≈≈.55≈≈≈...#
..##.# ###≈≈≈≈≈.@.≈≈≈≈≈..
#....... #..≈≈≈≈.♣≈≈≈≈.##
.....##. #≈.≈≈≈≈≈≈≈≈≈..#
.(##.# #≈≈≈≈≈≈≈≈≈≈≈≈.# ..#
... ?≈.≈≈≈≈≈≈≈≈≈..# #.#
##. #.≈.≈≈≈≈..≈!≈≈# #.#
#....≈≈.≈≈...≈# .#
###############


You could see a crimson imp and a white imp.

Vanquished Creatures
  An adder (D:2)
  3 worms (D:2)
  A dart slug (D:2)
  A ball python (D:2)
  2 giant cockroaches
  2 goblins
  2 hobgoblins
  5 bats (D:2)
  4 kobolds
  A rat (D:2)
22 creatures vanquished.

Vanquished Creatures (collateral kills)
  An ooze (D:1)
  A dart slug (D:2)
  4 leopard geckos (D:1)
  2 giant cockroaches
  3 goblins
  5 hobgoblins
  2 bats
  4 frilled lizards
  4 kobolds
  4 rats (D:1)
30 creatures vanquished.

Grand Total: 52 creatures vanquished

Notes
Turn   | Place    | Note
-------+----------+-------------------------------------------
     0 | D:1      | NooBeakApe the Deep Elf Summoner began the quest for the Orb.
     0 | D:1      | Reached XP level 1. HP: 10/10 MP: 6/6
   315 | D:1      | Reached XP level 2. HP: 15/15 MP: 5/8
   411 | D:1      | Learned a level 2 spell: Call Imp
   953 | D:2      | Reached XP level 3. HP: 13/19 MP: 9/9
  1137 | D:2      | Found an opulent altar of Gozag.
  1211 | D:2      | Reached skill level 5 in Summonings
  1273 | D:2      | Found a sparkling altar of Nemelex Xobeh.
  1273 | D:2      | Found a blossoming altar of Fedhas.
  1988 | D:2      | Reached XP level 4. HP: 18/24 MP: 5/11
  1989 | D:2      | Found a faded altar of an unknown god.
  2061 | D:2      | Became a worshipper of the Shining One
  2061 | D:2      | Reached * piety under the Shining One
  2068 | D:2      | Killed from afar by a white imp

Vault maps used:
D:1:      scummos_arrival_simple_crosswalls
D:2:      lemuel_doored_altar, gammafunk_temple_overflow_wave,
          chequers_ecumenical_altar_island, kennysheep_small_spiral

Skill      XL: |  1  2  3 |
---------------+----------+-----
Stealth        | 3 |  3.0
Dodging        | 3 |  3.1
Summonings     | 5 |  5.2
Short Blades   | |  0.8
Spellcasting   | |  3.7

Action                   |  1- 3 |  4- 6 || total
-------------------------+-------+-------++-------
Melee: Unarmed           |     2 |       ||     2
       Dagger            |    46 |       ||    46
       Short sword       |    13 |     2 ||    15
 Cast: Summon Small Mamm |    43 |       ||    43
       Call Imp          |    12 |       ||    12
  Use: Potion            |       |     3 ||     3
       Scroll            |       |     1 ||     1
 Stab: Sleeping          |     3 |       ||     3
  Eat: Chunk             |     3 |     1 ||     4
Armor: Ring mail         |    16 |     1 ||    17
Dodge: Dodged            |    32 |     9 ||    41

Table legend:
 A = Spawn XP
 B = Non-spawn XP
 C = Spawn XP percentage of total XP
 D = Spawn monster count
 E = Non-spawn monster count
 F = Spawn count percentage of total count
 G = Total turns spent on level
                    A         B        C        D         E        F      G
               +---------+---------+-------+---------+---------+-------+---------
         Total |       0 |      98 |   0.0 |       0 |      52 |   0.0 |  2068
               +---------+---------+-------+---------+---------+-------+---------
           D:1 |       0 |      34 |   0.0 |       0 |      24 |   0.0 |   927
           D:2 |       0 |      64 |   0.0 |       0 |      28 |   0.0 |  1141
               +---------+---------+-------+---------+---------+-------+---------
